 Dungeon Crawl Stone Soup version 0.31-a0-569-g7ea453304b (webtiles) character file.

Game seed: 12546722023723023549

19662 Ethylacetat the Nimble (level 12, -23/89 HPs)
             Began as an Octopode Gladiator on Aug 18, 2023.
             Was an Initiate of Gozag.
             Annihilated by a komodo dragon (31 damage)
             ... on level 1 of the Lair of Beasts.
             The game lasted 00:55:46 (11781 turns).

Ethylacetat the Nimble (Octopode Gladiator)        Turns: 11781, Time: 00:55:47

Health: -23/89     AC:  3    Str: 13    XL:     12   Next: 71%
Magic:  13/13      EV: 20    Int:  6    God:    Gozag
Gold:   436        SH:  0    Dex: 18    Spells: 11/11 levels left

rFire   + +          .
                       - Unarmed
rCold   + + .        (no shield)
rNeg    + . .        a - +0 hat
rPois   .            m - amulet of Gyetueji {rF+ rN+ Regen+ Int-5}
rElec   .            p - ring of protection from cold
rCorr   .            D - ring of protection from fire
SInv    .            g - ring of protection from cold
Will    .....        (no ring)
Stlth   +++          (no ring)
HPRegen 1.14/turn    (no ring)
MPRegen 0.13/turn    (no ring)
                     (no ring)

%: no passive effects
@: gold aura
A: almost no armour, amphibious, 8 rings, camouflage 1, gelatinous body 1,
(nimble swimmer 1), tentacles, antennae 1, iridescent scales 1, high MP 1
a: Renounce Religion, Potion Petition, Call Merchant, Bribe Branch


You were on level 1 of the Lair of Beasts.
You worshipped Gozag.
Gozag was aware of your devotion.
You visited 3 branches of the dungeon, and saw 15 of its levels.
You also visited: Sewer, Ossuary and Bailey.

You collected 1794 gold pieces.
You spent 175 gold pieces at shops.
You paid 1183 gold pieces to Gozag.

Inventory:

Missiles
 b - a throwing net (quivered)
 c - 8 javelins
Armour
 a - a +0 hat (worn)
Jewellery
 g - a ring of protection from cold (on tentacle)
 m - the amulet of Gyetueji (around mantle) {rF+ rN+ Regen+ Int-5}
   (You found it on level 2 of the Dungeon)

   [amulet of regeneration]

   Int-5:     It affects your intelligence (-5).
   rF+:       It protects you from fire.
   rN+:       It protects you from negative energy.
   Regen+:    It increases your rate of health regeneration.
 p - a ring of protection from cold (left tentacle)
 B - the amulet "Huud" {Spirit Rampage}
   (You found it on level 7 of the Dungeon)

   [amulet of guardian spirit]

   Spirit:    It causes incoming damage to be divided between your reserves of
   health and magic.
   Rampage:   It bestows one free step when moving towards enemies.
 D - a ring of protection from fire (right tentacle)
Wands
 e - a wand of quicksilver (1)
 w - a wand of digging (9)
Scrolls
 f - 2 scrolls of identify
 h - 4 scrolls of immolation
 i - 4 scrolls of teleportation
 n - a scroll of poison
 o - 5 scrolls of butterflies
 s - 3 scrolls of fog
 y - 3 scrolls of blinking
Potions
 k - a potion of invisibility
 l - 3 potions of attraction
 u - a potion of magic
 v - 5 potions of mutation
 x - a potion of ambrosia


   Skills:
 - Level 10.9 Fighting
 - Level 2.0 Throwing
 - Level 11.0 Dodging
 - Level 11.0 Unarmed Combat
 * Level 8.4 Shapeshifting


You had 11 spell levels left.
You didn't know any spells.
Your spell library contained the following spells:

 Spells                   Type           Power      Damage    Failure   Level
 Shock                    Conj/Air       0%         1d3       45%         1
 Summon Small Mammal      Summ           0%         N/A       45%         1
 Call Canine Familiar     Summ           0%         N/A       83%         3
 Ozocubu's Armour         Ice            0%         N/A       83%         3
 Summon Guardian Golem    Hex/Summ       0%         N/A       83%         3
 Swiftness                Air            0%         N/A       83%         3
 Airstrike                Air            0%         2d(0-16)  99%         4
 Metabolic Englaciation   Hex/Ice        0%         N/A       100%        5
 Simulacrum               Ice/Necr       Unusable   N/A       N/A         6

Dungeon Overview and Level Annotations

Branches:
Dungeon (13/15)            Temple (1/1) D:5            Lair (1/5) D:8
    Orc (0/2) D:10          Sewer (visited)         Ossuary (visited)
 Bailey (visited)
 Vaults: D:13-14

Altars:
Ashenzari
Cheibriados
Dithmenos
Elyvilon
Fedhas
Gozag
Hepliaklqana
Kikubaaqudgha
Makhleb
Nemelex Xobeh
Okawaru
Qazlal
Ru
Sif Muna
Trog
Uskayaw
Vehumet
Wu Jian
Xom
Yredelemnul
Zin
The Shining One

Shops:
D:2 (   D:3 ?([[(   D:5 [   D:11 =

Annotations:
D:5 2 transporters, AIAndy's ghost, novice OpSh
D:8 3 runed translucent doors, Omnilove's ghost, novice OpSh; drclinical's ghost, novice HOFi; slizer6's ghost, novice MiBe
D:12 2 transporters, voshxx's ghost, journeyman TrSh


Innate Abilities, Weirdness & Mutations

You cannot wear most types of armour.
You are amphibious.
You can wear up to eight rings at the same time.
Your skin changes colour to match your surroundings (Stealth+).
Your rubbery body absorbs attacks. (AC +1, EV +1)
((You are camouflaged when in or above water. (Stealth+)))
You have tentacles for arms and can constrict up to eight enemies at once.
You have a pair of small antennae on your head.
You are partially covered in iridescent scales. (AC +2)
You have an increased reservoir of magic. (+10% MP)


Message History

The komodo dragon is moderately wounded.
The komodo dragon bites you!
* * * LOW HITPOINT WARNING * * *
You tentacle-slap the komodo dragon. You squeeze the komodo dragon!
The komodo dragon is severely wounded.
The komodo dragon misses you.
You closely miss the komodo dragon.
The komodo dragon is severely wounded.
The komodo dragon bites you!!
* * * LOW HITPOINT WARNING * * *
Throw: 2 throwing nets
Press: ? - help, Q - select action, (/) - cycle Shift-Dir - straight line, f - komodo dragon
Aim: a komodo dragon (severely wounded, 72% to hit)
You throw a throwing net.
The throwing net hits the komodo dragon.
The komodo dragon is caught in the net!
The komodo dragon is severely wounded.
The komodo dragon struggles against the net.
You tentacle-slap the komodo dragon but do no damage.
The komodo dragon is severely wounded.
You tentacle-slap the komodo dragon.
You squeeze the komodo dragon, but do no damage.
The komodo dragon is almost dead.
The komodo dragon struggles against the net.
You catch the helpless komodo dragon completely off-guard!
You tentacle-slap the komodo dragon but do no damage.
The komodo dragon is almost dead.
The komodo dragon struggles against the net.
You tentacle-slap the komodo dragon.
You tentacle-slap the komodo dragon, but do no damage.
The komodo dragon is almost dead.
The komodo dragon misses you.
The komodo dragon struggles against the net.
You tentacle-slap the komodo dragon.
You tentacle-slap the komodo dragon, but do no damage.
You squeeze the komodo dragon.
You kill the komodo dragon!
The komodo dragon bites you!!
You die...
Your body crumbles into a pile of gold.

,,,,,..................<........,
,,,,,.......,........###.#.#....,
,,,,,.......,,..###.##......#..,,
,,,,,....P#.###.####........#.#,*
,,,,,.......#.#.##....##.#....#**
,,,^,.............#..#.....#.##,,
,,,,,.........l...#............,,
,,,,,.......#.###$...#....$#..##,
,,,,,......##$8.@#..#.=8.8..#..*,
,,,,,...........l#.............,,
,,,,,.F.....8.>.....#...8....,,+,
*,,,,......#.....#..........#,,,*
,,,,,......##.8.##..#..8.8..,,,**
*,,,∩.....,,.#.##....#.....,,,,*
*,,,,,,..,,.....,.#......[,,,,***
,,,,,,,,,,......,,**.##,,,,,,,,,,
,,,,,,,,,,...##.,*,*,,,,,,*,,*,,,


You could see a komodo dragon.

Vanquished Creatures
  A two-headed ogre (D:12)
  Urug (D:10)
  An orc knight (Bailey)
  A deep elf pyromancer (Bailey)
  An ugly thing (D:13)
  A cyclops (D:13)
  2 manticores
  5 gargoyles
  5 cane toads (Lair:1)
  2 unseen horrors
  A rime drake (Lair:1)
  2 komodo dragons
  Psyche (D:11)
  2 kobold demonologists
  6 trolls
  A blink frog (Lair:1)
  2 slime creatures
  A vampire (D:12)
  2 shadows (D:10)
  4 wraiths
  2 wyverns
  6 vampire mosquitoes (D:12)
  12 yaks
  A basilisk (D:12)
  Grum (D:8)
  Menkaure (D:4)
  An acid dragon (D:11)
  2 water moccasins
  9 orc warriors
  A black bear (D:8)
  2 ice beasts
  8 ogres
  2 wolves (D:8)
  3 centaurs
  7 kobold brigands
  3 bullfrogs
  3 gnoll sergeants
  2 wights (D:7)
  6 killer bees (D:9)
  A howler monkey (D:6)
  A centaur zombie (Ossuary)
  A human zombie (Ossuary)
  4 jellies
  2 orc priests
  4 gnoll boudas
  3 hounds
  2 iguanas
  11 orc wizards
  4 mummies
  25 gnolls
  8 adders
  5 river rats
  A shadow imp (D:7)
  A white imp (D:6)
  A worm (D:2)
  7 dart slugs
  27 orcs
  10 ball pythons
  4 bats
  7 endoplasms
  5 giant cockroaches
  10 goblins
  7 hobgoblins
  4 jackals (D:3)
  3 quokkas
  10 frilled lizards
  A gnoll zombie (Ossuary)
  A goblin zombie (Ossuary)
  21 kobolds
  A kobold zombie (Ossuary)
  3 orc zombies (Ossuary)
  16 rats
325 creatures vanquished.

Vanquished Creatures (collateral kills)
  2 wights (D:7)
  A white imp (D:5)
3 creatures vanquished.

Vanquished Creatures (others)
  An orc warrior (Bailey)
  A wight (D:7)
  A jelly (D:5)
  An orc (Bailey)
4 creatures vanquished.

Grand Total: 332 creatures vanquished

Notes
Turn   | Place    | Note
-------+----------+-------------------------------------------
     0 | D:1      | Ethylacetat the Octopode Gladiator began the quest for the
                  | Orb.
     0 | D:1      | Reached XP level 1. HP: 14/14 MP: 1/1
    81 | D:1      | Reached XP level 2. HP: 14/19 MP: 2/2
   466 | D:1      | Reached XP level 3. HP: 20/25 MP: 3/3
   964 | D:2      | Identified the amulet of Gyetueji {rF+ rN+ Regen+ Int-5}
  1331 | D:2      | Found Veenoun's Weapon Boutique.
  1418 | D:3      | Found Kulyosu's Armour Boutique.
  1420 | D:3      | Found Suptos's Antique Weapon Shoppe.
  1422 | D:3      | Reached XP level 4. HP: 30/30 MP: 4/4
  1560 | D:3      | Found Wyabiwul's Weapon Emporium.
  1632 | D:3      | Found Icarchomu's Magic Scroll Emporium.
  1676 | D:3      | Found Otwosemm's Armour Shop.
  2077 | D:4      | Reached XP level 5. HP: 36/36 MP: 5/5
  2141 | D:4      | Noticed an ogre
  2154 | D:4      | Killed an ogre
  2158 | D:4      | Found a sand-covered staircase.
  2166 | Ossuary  | Entered an ossuary
  2199 | Ossuary  | Reached XP level 6. HP: 30/43 MP: 6/6
  2421 | D:4      | Noticed Menkaure
  2429 | D:4      | Killed Menkaure
  2430 | D:4      | Reached skill level 5 in Dodging
  2430 | D:4      | Reached skill level 5 in Unarmed Combat
  2430 | D:4      | Reached XP level 7. HP: 10/49 MP: 7/7
  2439 | D:4      | Found a glowing drain.
  2461 | Sewer    | Entered a sewer
  3083 | D:5      | Entered Level 5 of the Dungeon
  3097 | D:5      | Found a staircase to the Ecumenical Temple.
  3104 | D:5      | Reached skill level 5 in Fighting
  3126 | Temple   | Entered the Ecumenical Temple
  3172 | D:5      | Noticed AIAndy's ghost (novice OpSh)
  3199 | D:5      | Found a transporter.
  3202 | D:5      | Found a transporter.
  3365 | D:5      | Found a glowing golden altar of the Shining One.
  3367 | D:5      | Noticed an angel
  3496 | D:5      | Found a basalt altar of Yredelemnul.
  3571 | D:5      | Found Mofagh's Antique Armour Shop.
  3601 | D:5      | Reached XP level 8. HP: 46/56 MP: 8/8
  3862 | D:5      | Identified the +0 pair of boots "Jouruhuph" {+Inv}
  4389 | D:6      | Noticed a wraith
  4457 | D:6      | Killed a wraith
  4927 | D:7      | Identified the amulet "Huud" {Spirit Rampage}
  4987 | D:7      | Reached XP level 9. HP: 45/63 MP: 9/9
  5020 | D:7      | Found a flagged portal.
  5067 | Bailey   | Entered a bailey
  5168 | Bailey   | Found a large runed translucent door.
  5168 | Bailey   | Found a large runed translucent door.
  5169 | Bailey   | Noticed a deep elf pyromancer
  5169 | Bailey   | Noticed an orc knight
  5284 | Bailey   | Killed an orc knight
  5317 | Bailey   | Killed a deep elf pyromancer
  5324 | Bailey   | Identified the +6 plate armour of Fun and Games {Harm
                  | *Corrode Dex+8}
  5715 | D:7      | HP: 2/66 [centaur/arrow (8)]
  6076 | D:8      | Reached XP level 10. HP: 68/72 MP: 10/10
  6087 | D:8      | Found a runed translucent gate.
  6088 | D:8      | Found a runed translucent gate.
  6089 | D:8      | Found a runed translucent gate.
  6093 | D:8      | Noticed slizer6's ghost (novice MiBe)
  6093 | D:8      | Noticed Omnilove's ghost (novice OpSh)
  6093 | D:8      | Noticed drclinical's ghost (novice HOFi)
  6115 | D:8      | Noticed a manticore
  6133 | D:8      | Killed a manticore
  6219 | D:8      | Gained mutation: You are partially covered in iridescent
                  | scales. (AC +2) [potion of mutation]
  6219 | D:8      | Gained mutation: You have an increased reservoir of magic.
                  | (+10% MP) [potion of mutation]
  6219 | D:8      | Gained mutation: You occasionally lose the ability to drink
                  | potions when taking damage. [potion of mutation]
  6220 | D:8      | Lost mutation: You have an increased reservoir of magic.
                  | (+10% MP) [potion of mutation]
  6220 | D:8      | Lost mutation: You occasionally lose the ability to drink
                  | potions when taking damage. [potion of mutation]
  6220 | D:8      | Gained mutation: You have an increased reservoir of magic.
                  | (+10% MP) [potion of mutation]
  6220 | D:8      | Gained mutation: You have a pair of small antennae on your
                  | head. [potion of mutation]
  6422 | D:8      | Noticed Grum
  6439 | D:8      | Killed Grum
  6628 | D:8      | Noticed a +0 spear
  6628 | D:8      | Noticed a +0 spear
  6628 | D:8      | Noticed a +0 dagger
  6628 | D:8      | Noticed a +0 dagger
  6628 | D:8      | Noticed a +0 falchion
  6628 | D:8      | Noticed a +0 falchion
  6628 | D:8      | Noticed a +0 short sword
  6629 | D:8      | Noticed a +0 short sword
  6630 | D:8      | Found a hide-covered altar of Uskayaw.
  6717 | D:8      | Found a staircase to the Lair.
  6745 | D:8      | Identified the +4 mace "Tiymonn" {pain, Str+4}
  6787 | D:8      | Found a white marble altar of Elyvilon.
  6794 | D:8      | Found a broken altar of Ashenzari.
  7248 | D:9      | Found an ornate altar of the Wu Jian Council.
  7306 | D:9      | Noticed a centaur warrior
  7306 | D:9      | Noticed a centaur warrior
  7306 | D:9      | Noticed a tengu warrior
  7306 | D:9      | Noticed a cyan ugly thing
  7306 | D:9      | Noticed a deep elf pyromancer
  7307 | D:9      | Noticed a boulder beetle
  7307 | D:9      | Noticed a deep elf pyromancer
  7308 | D:9      | Noticed a deep elf pyromancer
  7467 | D:9      | Found a sacrificial altar of Ru.
  7468 | D:9      | Found a blossoming altar of Fedhas.
  7468 | D:9      | Found an opulent altar of Gozag.
  7480 | D:9      | Found a bloodstained altar of Trog.
  7480 | D:9      | Found a burning altar of Makhleb.
  7481 | D:9      | Found a shadowy altar of Dithmenos.
  7486 | D:9      | Became a worshipper of Gozag Ym Sagoz the Greedy
  7672 | D:10     | Entered Level 10 of the Dungeon
  7770 | D:10     | Found a staircase to the Orcish Mines.
  7816 | D:10     | Reached skill level 10 in Unarmed Combat
  7816 | D:10     | Reached XP level 11. HP: 60/81 MP: 12/12
  7821 | D:10     | Reached skill level 10 in Dodging
  7968 | D:10     | Reached skill level 10 in Fighting
  8342 | D:10     | Noticed Urug
  8652 | D:10     | Killed Urug
  8941 | D:11     | Noticed a manticore
  8952 | D:11     | Killed a manticore
  9378 | D:11     | Reached skill level 1 in Shapeshifting
  9618 | D:11     | Noticed Psyche
  9625 | D:11     | Killed Psyche
  9851 | D:12     | Reached XP level 12. HP: 34/89 MP: 13/13
  9853 | D:12     | HP: 4/89 [komodo dragon (19)]
  9984 | D:12     | Reached skill level 5 in Shapeshifting
 10048 | D:12     | Found a transporter.
 10053 | D:12     | Found a transporter.
 10054 | D:12     | Noticed voshxx's ghost (journeyman TrSh)
 10460 | D:12     | Noticed a two-headed ogre
 10483 | D:12     | Killed a two-headed ogre
 11411 | D:2      | Bought a throwing net for 39 gold pieces
 11436 | D:3      | Bought a scroll of teleportation for 39 gold pieces
 11436 | D:3      | Bought a scroll of blinking for 97 gold pieces
 11596 | Lair:1   | Entered Level 1 of the Lair of Beasts
 11775 | Lair:1   | HP: 3/89 [komodo dragon (20)]
 11781 | Lair:1   | Annihilated by a komodo dragon

Illustrated notes

Levels and vault maps discovered:
D:1:      wheals_arrival_linesprint, layout_rooms
D:2:      layout_basic, serial_shops, shop, chequers_arboretum,
          minmay_surrounded
D:3:      layout_basic, serial_shops, shop, shop, shop_scrolls,
          nicolae_shop_tiny_statue_garden, shop
D:4:      layout_basic, portal_sewer_entry_c, gup_ossuary_entry_pyramid,
          minmay_misc_feat_nine_boxes, uniq_menkaure
D:5:      layout_basic, grunt_temple_overflow_holy_war,
          minmay_temple_entry_sparse_star, serial_shops,
          nicolae_shop_back_alley_shop, gammafunk_ghost_arena
D:6:      layout_basic
D:7:      layout_loops_corners, enter_bailey_5, centaur_isle
D:8:      layout_basic, nicolae_uskayaw_en_pointe, minitemple, lair_entry_dummy,
          gammafunk_ghost_cemetery, uniq_grum
D:9:      nicolae_BIG_FREAKIN_CUBE, layout_cave_pools,
          grunt_temple_overflow_open, serial_rivers,
          chequers_serial_rivers_room_a, chequers_serial_rivers_small_3,
          chequers_serial_rivers_micro_e, chequers_serial_rivers_room_a,
          minivault_12
D:10:     kennysheep_seaside_town, layout_basic, orc_0_dummy, uniq_urug
D:11:     layout_loops_ring, uniq_psyche
D:12:     layout_loops_ring, gammafunk_ghost_hive
D:13:     layout_basic, david_vaults_2, hellmonk_ghost_happy_afterlife,
          kennysheep_generic_room_9
Temple:   hellmonk_temple_flake
Lair:1:   layout_long_grid, portal_ice_cave_entry_ice_simulacra,
          minmay_stone_trees_small, grunt_megastairs_2

Skill      XL: |  1  2  3  4  5  6  7  8  9 10 11 12 |
---------------+-------------------------------------+-----
Fighting       | 3 4 5 6 8 9 10 | 10.9
Unarmed Combat | 4 5 7 8 10 11 | 11.0
Dodging        | 4 5 7 8 9 11 | 11.0
Shapeshifting  | 4 8 |  8.4
Throwing       | |  2.0

Action                     |  1- 3 |  4- 6 |  7- 9 | 10-12 || total
---------------------------+-------+-------+-------+-------++-------
  Melee: Unarmed           |    65 |   117 |   262 |   605 ||  1049
         Constrict         |    19 |    29 |    52 |    68 ||   168
         Tentacles         |    15 |    31 |    68 |   180 ||   294
         Punch             |     1 |     1 |     8 |    63 ||    73
  Throw: Throwing net      |       |     2 |       |     4 ||     6
         Javelin           |       |       |     3 |     2 ||     5
 Invoke: Call Merchant     |       |       |       |     1 ||     1
  Evoke: Wand              |       |       |    25 |    28 ||    53
    Use: Scroll            |       |     8 |     6 |     4 ||    18
         Potion            |       |       |     9 |    19 ||    28
   Stab: Sleeping          |     5 |     9 |     6 |     3 ||    23
         Held in net/web   |       |     2 |       |     6 ||     8
         Invisible         |       |       |     2 |       ||     2
         Betrayed ally     |       |       |     1 |       ||     1
         Distracted        |       |       |       |     3 ||     3
 Armour: Skin              |     3 |     5 |    11 |    79 ||    98
  Dodge: Dodged            |    29 |    54 |   189 |   336 ||   608

Table legend: (Time is in decaauts)
 A = Elapsed time spent in this place.
 B = Non-inter-level travel time spent in this place.
 C = Inter-level travel time spent in this place.
 D = Time resting spent in this place.
 E = Time spent auto-exploring this place.
 F = Levels seen in this place.
 G = Mean time per level.
                   A        B        C        D        E       F      G
               +--------+--------+--------+--------+--------+-----+--------+
         Total |  11703 |  10801 |    902 |    492 |   6909 |  18 |  650.2 |
       Dungeon |  10749 |   9847 |    902 |    450 |   6627 |  13 |  826.8 |
        Temple |      1 |      1 |      0 |      0 |      0 |   1 |    1.0 |
          Lair |    107 |    107 |      0 |      0 |      0 |   1 |  107.0 |
         Sewer |    336 |    336 |      0 |      0 |    205 |   1 |  336.0 |
       Ossuary |    163 |    163 |      0 |      0 |      0 |   1 |  163.0 |
        Bailey |    344 |    344 |      0 |     42 |     77 |   1 |  344.0 |
               +--------+--------+--------+--------+--------+-----+--------+

Top non-repeatable levels by time:
    D:12: 1243 daAuts
    D:10: 1202 daAuts
     D:8: 1096 daAuts
     D:6: 968 daAuts
     D:7: 945 daAuts
     D:5: 843 daAuts
     D:1: 823 daAuts
    D:11: 805 daAuts
     D:9: 734 daAuts
     D:4: 654 daAuts
     D:3: 611 daAuts
     D:2: 596 daAuts
  Bailey: 344 daAuts
   Sewer: 336 daAuts
    D:13: 222 daAuts
